 Dungeon Crawl Stone Soup version 0.23.0-28-g6fe0f4d (webtiles) character file.

Game seed: 17765145739632819233

328791 sking99 the Warrior (level 20, -10/195 HPs)
             Began as a Minotaur Berserker on Feb 25, 2019.
             Was the Champion of Trog.
             Killed from afar by a battlesphere (18 damage)
             ... created by a tengu reaver
             ... on level 3 of the Vaults.
             The game lasted 01:10:53 (43312 turns).

sking99 the Warrior (Minotaur Berserker)           Turns: 43312, Time: 01:10:54

Health: -10/195    AC: 21    Str: 26    XL:     20   Next: 81%
Magic:  0/34       EV: 21    Int:  9    God:    Trog [******]
Gold:   4849       SH:  0    Dex: 20    Spells: 19/19 levels left

rFire    . . .     SeeInvis .   I - +5 battleaxe (vamp)
rCold    . . .     Gourm    .   (shield currently unavailable)
rNeg     . . .     Faith    .   s - +0 plate armour
rPois    +         Spirit   +   W - +0 hat
rElec    +         Reflect  .   F - +0 cloak "Takogasudgh" {rElec MR+ Str+2}
rCorr    .         Harm     .   S - +0 pair of gloves
MR       ++...                  h - +0 pair of boots {Fly}
Stlth    ..........             u - amulet of guardian spirit
HPRegen  0.42/turn              N - ring of magical power
MPRegen  0.24/turn              t - ring "Wocej" {rPois Int+5 Dex+3}

@: lethally poisoned (-10 -> -25), corroded, flying, very slightly contaminated,
slowed, very slow
A: retaliatory headbutt, horns 2
}: 2/15 runes: barnacled, gossamer
a: Berserk, Trog's Hand, Brothers in Arms, Renounce Religion, Stop Flying


You were on level 3 of the Vaults.
You worshipped Trog.
Trog was exalted by your worship.
You were not hungry.

You visited 7 branches of the dungeon, and saw 36 of its levels.
You also visited: Sewer and Ice Cave.

You collected 4849 gold pieces.

Inventory:

Hand Weapons
 n - a +2 executioner's axe of freezing
 I - a +5 vampiric battleaxe (weapon)
Armour
 h - a +0 pair of boots of flying (worn)
 s - a +0 plate armour (worn)
 F - the +0 cloak "Takogasudgh" (worn) {rElec MR+ Str+2}
   (You acquired it on level 2 of the Shoals)

   It affects your strength (+2).
   It insulates you from electricity.
   It affects your resistance to hostile enchantments.
 S - a +0 pair of gloves (worn)
 W - a +0 hat (worn)
Jewellery
 r - an uncursed ring of protection from fire
 t - the ring "Wocej" (right hand) {rPois Int+5 Dex+3}
   (You found it on level 10 of the Dungeon)

   [ring of poison resistance]

   It affects your intelligence (+5).
   It affects your dexterity (+3).
   It protects you from poison.
 u - an amulet of guardian spirit (around neck)
 L - an uncursed ring of see invisible
 N - a ring of magical power (left hand)
 O - an uncursed ring of protection from cold
Wands
 i - a wand of polymorph (26)
 m - a wand of acid (6)
 w - a wand of iceblast (16)
 y - a wand of enslavement (10)
 H - a wand of digging (23)
 V - a wand of paralysis (9)
Scrolls
 d - 4 scrolls of magic mapping
 f - 10 scrolls of teleportation
 g - 18 scrolls of remove curse
 p - 7 scrolls of blinking
 q - 2 scrolls of immolation
 z - 2 scrolls of fear
 A - 5 scrolls of brand weapon
 B - 5 scrolls of identify
 C - 3 scrolls of vulnerability
 G - 2 scrolls of silence
 M - 6 scrolls of fog
 Q - a scroll of acquirement
 R - 2 scrolls of enchant armour
 Z - a scroll of enchant weapon
Potions
 a - 5 potions of agility
 b - 10 potions of haste
 e - 4 potions of might
 j - 13 potions of curing
 k - 2 potions of berserk rage
 l - 11 potions of heal wounds
 o - 2 potions of resistance
 v - 5 potions of cancellation
 x - 4 potions of magic
 D - a potion of invisibility
 E - 4 potions of mutation
 T - 11 potions of ambrosia
 U - 6 potions of brilliance
Miscellaneous
 J - a phial of floods
 K - a lightning rod (4/4)
 P - 2 boxes of beasts
 X - a sack of spiders
Comestibles
 c - 41 rations
 Y - 22 chunks of flesh


   Skills:
 + Level 20.7 Fighting
 - Level 20.0 Axes
 + Level 20.5 Armour
 + Level 19.1 Dodging
 + Level 9.0 Evocations


You had 19 spell levels left.
You didn't know any spells.
Your spell library was empty.

Dungeon Overview and Level Annotations

Branches:
Dungeon (15/15)            Temple (0/1) D:5            Lair (6/6) D:11
 Shoals (4/4) Lair:4       Spider (4/4) Lair:2        Slime (0/5) Lair:6
    Orc (2/2) D:12            Elf (0/3) Orc:2        Vaults (4/5) D:14
 Depths (1/5) D:15
  Crypt: Vaults:2-3

Altars:
Ashenzari
Cheibriados
Dithmenos
Nemelex Xobeh
Okawaru
Trog
Vehumet
Yredelemnul
The Shining One
Jiyva

Shops:
D:14 %   Orc:1 }   Orc:2 =*[!(   Vaults:1 }   Vaults:4 (

Annotations:
D:8 3 runed translucent doors
D:9 exclusion: statue
Spider:4 3 runed translucent doors, Naprua's ghost, journeyman GrMo


Innate Abilities, Weirdness & Mutations

You reflexively headbutt those who attack you in melee.
You have a pair of horns on your head.


Message History

The ironbrand convoker completely misses you.
The stone giant hits you!!
* * * LOW HITPOINT WARNING * * *
The tengu reaver hits you with a +0 battleaxe!!
* * * LOW HITPOINT WARNING * * *
The tengu reaver pecks you but does no damage.
The tengu reaver completely misses you.
Okay, then.
Blink to where?
Press: ? - help, Dir - move target cursor You are very lightly contaminated with residual magic.
As you read the scroll of blinking, it crumbles to dust.
You feel sick. The tengu reaver casts a spell at you.
The bolt of poison hits you.
You are lethally poisoned!
You resist.
* * * LOW HITPOINT WARNING * * *
The battlesphere fires!
The barrage of energy hits you!!
You die...

#####+## #. #......# #.
#......# #. #......# #.
#......# #. #......# #.
#......# #.
#################'##########.
............@................
.............................
........(*...................
.......(.....................
#######Q####################.
##C..## #. #.ยง)..# #.
#..).C.$..# ########.
#.?...........# .......#.


You could see a frost giant, a tengu reaver and a battlesphere.

Vanquished Creatures
  A lich (Vaults:4)
  A tentacled monstrosity (Vaults:4)
  A titan (Shoals:3)
  5 krakens
  Frances (D:12)
  A shadow dragon (Vaults:4)
  A sphinx (Vaults:4)
  Roxanne (Spider:3)
  3 storm dragons
  Donald (Vaults:3)
  A fire giant (Vaults:3)
  A frost giant (Vaults:4)
  Louise (D:14)
  A deep elf sorcerer (Vaults:4)
  An orc warlord (Orc:2)
  An iron dragon (Vaults:4)
  4 ghost moths
  6 emperor scorpions
  5 vault wardens
  6 ironheart preservers
  5 stone giants
  3 entropy weavers
  Azrael (D:12)
  2 spark wasps
  A deep elf annihilator (Vaults:4)
  5 merfolk javelineers
  Josephine (Lair:5)
  A deep elf death mage (Vaults:4)
  4 ettins
  3 fire dragons
  11 merfolk impalers
  3 yaktaur captains
  A great orb of eyes (Vaults:1)
  10 vault guards
  3 ice dragons
  A hydra (D:12)
  7 centaur warriors
  2 merfolk avatars
  8 ogre magi
  29 two-headed ogres
  Erica (D:8)
  2 deep troll shamans
  A two-headed ogre (shapeshifter) (Vaults:1)
  6 merfolk aquamancers
  4 orc high priests
  2 death knights (Vaults:4)
  3 satyrs
  A tengu warrior (D:15)
  A hell knight (Vaults:4)
  A deep elf knight (Orc:1)
  Urug (Lair:3)
  A titan skeleton (Vaults:4)
  2 shadow wraiths (Vaults:4)
  15 skeletal warriors
  2 unseen horrors (D:13)
  2 flayed ghosts
  3 glowing orange brains
  14 sea snakes
  6 deep trolls
  A deep elf archer (Vaults:1)
  2 necromancers
  11 deep elf magi
  A phantasmal warrior (Vaults:4)
  6 ironbrand convokers
  2 lindwurms (Lair:6)
  2 human zombies (Vaults:3)
  11 harpies
  4 orc sorcerers
  17 ugly things
  25 wolf spiders
  15 orb spiders
  10 orc knights
  2 wolf spider zombies (D:15)
  10 fauns
  10 manticores
  2 moths of wrath
  4 centaur zombies
  2 stone giant skeletons
  14 cyclopes
  8 vault sentinels
  5 water nymphs
  9 merfolk sirens
  2 ice statues (IceCv)
  A black mamba (shapeshifter) (Vaults:3)
  2 gargoyles
  11 torpor snails
  4 black mambas
  2 guardian serpents (Vaults:4)
  8 spiny frogs
  2 kobold demonologists (D:13)
  4 centaur skeletons
  2 freezing wraiths
  7 rime drakes
  10 ice devils (IceCv)
  6 komodo dragons
  A rime drake (shapeshifter) (Vaults:1)
  A tengu conjurer (D:15)
  10 demonic crawlers
  34 yaktaurs
  2 human skeletons
  3 tyrant leeches (Lair:6)
  29 merfolk
  A jumping spider (shapeshifter) (Vaults:4)
  6 meliai (D:14)
  2 polar bears
  34 jumping spiders
  10 trolls
  15 hornets
  10 slime creatures
  An ettin zombie (Vaults:4)
  7 snapping turtles
  5 wind drakes
  7 dream sheep
  7 blink frogs
  9 hippogriffs
  A vampire (D:14)
  60 redbacks
  A spriggan (shapeshifter) (Vaults:1)
  4 wyverns
  15 water elementals
  6 wraiths
  2 tarantellas (shapeshifter)
  29 tarantellas
  A basilisk (D:14)
  A fire bat (shapeshifter) (Vaults:4)
  43 yaks
  3 fire elementals (D:12)
  A human (shapeshifter) (Vaults:4)
  A hungry ghost (D:13)
  A steam dragon (Lair:6)
  2 wargs (Orc:1)
  A vampire mosquito (D:14)
  An acid dragon (Lair:6)
  A hell hound (D:12)
  A deep troll skeleton (Vaults:3)
  12 porcupines
  7 water moccasins
  36 orc warriors
  5 sky beasts
  4 black bears
  11 ice beasts
  30 ogres
  A boggart (Vaults:1)
  2 necrophages
  An eye of draining (D:13)
  A phantom (D:6)
  11 crocodiles
  12 wolves
  26 centaurs
  Blork the orc (D:5)
  5 big kobolds
  13 bullfrogs
  A wyvern skeleton (D:12)
  11 scorpions
  5 wights (D:15)
  6 electric eels
  3 howler monkeys (D:13)
  6 crimson imps
  A bullfrog zombie (D:12)
  6 jellies
  7 hounds
  16 orc priests
  A bullfrog skeleton (D:6)
  9 iguanas
  9 orc wizards
  10 worker ants
  A howler monkey zombie (D:5)
  A worker ant zombie (D:10)
  A howler monkey skeleton (D:7)
  3 river rats
  17 adders
  3 shadow imps
  8 white imps (IceCv)
  3 ufetubi (IceCv)
  2 oozes
  An adder zombie (D:9)
  7 worms
  3 dart slugs
  7 leopard geckos
  88 orcs
  7 giant cockroaches
  9 goblins
  7 hobgoblins
  15 jackals
  3 quokkas
  4 ball pythons (Sewer)
  3 bats
  3 frilled lizards
  A giant cockroach zombie (D:5)
  A jackal skeleton (D:5)
  16 kobolds
  8 rats
  6 fungi
  9 plants
  15 tentacles
1336 creatures vanquished.

Vanquished Creatures (collateral kills)
  Rupert (Lair:6)
  An orc warlord (Orc:1)
  A fire dragon (Lair:6)
  3 hydras
  2 two-headed ogres
  A swamp dragon (Lair:6)
  An orc sorcerer (Orc:1)
  3 blink frogs (Lair:6)
  A basilisk (Lair:6)
  A water moccasin (Lair:6)
  An acid dragon (Lair:6)
16 creatures vanquished.

Vanquished Creatures (others)
  A reaper (IceCv)
  A two-headed ogre (D:15)
  A deep elf knight (Vaults:1)
  A swamp drake (Lair:6)
  2 white imps (IceCv)
  6 ufetubi (IceCv)
  5 fungi
  10 plants
  30 tentacles
57 creatures vanquished.

Grand Total: 1409 creatures vanquished

Notes
Turn   | Place    | Note
-------+----------+-------------------------------------------
     0 | D:1      | sking99 the Minotaur Berserker began the quest for the Orb.
     0 | D:1      | Reached XP level 1. HP: 19/19 MP: 0/0
   339 | D:1      | Reached XP level 2. HP: 27/27 MP: 1/1
  1261 | D:1      | Reached XP level 3. HP: 30/33 MP: 2/2
  1579 | D:2      | Reached ** piety under Trog
  1838 | D:3      | Reached XP level 4. HP: 37/40 MP: 3/3
  2273 | D:3      | Reached skill level 5 in Axes
  2286 | D:3      | Found a basalt altar of Yredelemnul.
  2409 | D:3      | Reached XP level 5. HP: 47/47 MP: 4/4
  2929 | D:4      | Found a bloodstained altar of Trog.
  3122 | D:4      | Noticed a sky beast
  3152 | D:4      | Reached *** piety under Trog
  3307 | D:4      | Reached XP level 6. HP: 48/55 MP: 5/5
  3378 | D:4      | Killed a sky beast
  3378 | D:4      | Reached skill level 5 in Fighting
  4086 | D:4      | Reached XP level 7. HP: 49/61 MP: 6/6
  4246 | D:5      | Entered Level 5 of the Dungeon
  4318 | D:5      | Found a staircase to the Ecumenical Temple.
  4592 | D:5      | Reached skill level 5 in Armour
  4706 | D:5      | Found a bloodstained altar of Trog.
  4843 | D:5      | Found a glowing drain.
  4847 | Sewer    | Entered a sewer
  4999 | Sewer    | Reached skill level 5 in Dodging
  4999 | Sewer    | Reached XP level 8. HP: 68/70 MP: 5/7
  5330 | Sewer    | Reached **** piety under Trog
  5660 | D:5      | Found a shadowy altar of Dithmenos.
  5675 | D:5      | Noticed Blork the orc
  5680 | D:5      | Killed Blork the orc
  5773 | D:5      | Found a glowing golden altar of the Shining One.
  7695 | D:7      | Reached XP level 9. HP: 59/79 MP: 6/8
  8282 | D:7      | Reached skill level 10 in Axes
  8641 | D:8      | Found an iron altar of Okawaru.
  8726 | D:8      | Found a snail-covered altar of Cheibriados.
  8755 | D:8      | Found a runed translucent gate.
  8755 | D:8      | Found a runed translucent gate.
  8755 | D:8      | Found a runed translucent gate.
  8756 | D:8      | Noticed a purple ugly thing
  8756 | D:8      | Noticed a green ugly thing
  8846 | D:8      | Noticed Erica
  8855 | D:8      | Killed Erica
  8855 | D:8      | Reached ***** piety under Trog
  9181 | D:8      | Noticed a purple ugly thing
  9182 | D:8      | Noticed a cyan ugly thing
  9183 | D:8      | Noticed a glowing orange brain
  9269 | D:9      | Noticed a troll
  9275 | D:9      | Killed a troll
  9577 | D:9      | Noticed a troll
  9585 | D:9      | Killed a troll
  9585 | D:9      | Reached XP level 10. HP: 65/90 MP: 5/9
  9958 | D:9      | Found a radiant altar of Vehumet.
 10135 | D:10     | Entered Level 10 of the Dungeon
 10386 | D:10     | Received a gift from Trog
 10628 | D:10     | Noticed a two-headed ogre
 11174 | D:10     | Got a glittering tin ring
 11370 | D:10     | Killed a two-headed ogre
 11557 | D:11     | Noticed a six-headed hydra
 11714 | D:11     | Killed a six-headed hydra
 11802 | D:11     | Found a staircase to the Lair.
 12067 | D:11     | Reached XP level 11. HP: 94/98 MP: 8/10
 12166 | D:11     | Reached skill level 10 in Fighting
 12276 | Lair:1   | Entered Level 1 of the Lair of Beasts
 12278 | Lair:1   | Identified the ring "Wocej" {rPois Int+5 Dex+3} (You found
                  | it on level 10 of the Dungeon)
 12343 | Lair:1   | Found a frozen archway.
 12369 | IceCv    | Entered an ice cave
 12579 | IceCv    | Killed a reaper
 13303 | IceCv    | Reached skill level 10 in Armour
 13767 | IceCv    | Got an ichor-stained demon blade
 13772 | IceCv    | Identified the +6 demon blade of Ashenzari's Anger {elec,
                  | Str+2} (You found it in an ice cave)
 14510 | Lair:1   | Got a scorched tin amulet
 15002 | Lair:2   | Identified the amulet of Rewevosm {Inacc Fragile MR+ Str+3}
                  | (You found it on level 1 of the Lair of Beasts)
 15188 | Lair:2   | Reached XP level 12. HP: 83/109 MP: 11/11
 15290 | Lair:2   | Found a snail-covered altar of Cheibriados.
 15305 | Lair:2   | Reached skill level 10 in Dodging
 15646 | Lair:2   | Found a hole to the Spider Nest.
 15771 | Lair:2   | Noticed an eight-headed hydra
 15777 | Lair:2   | Killed a ten-headed hydra
 15923 | Lair:3   | Noticed Urug
 15935 | Lair:3   | Killed Urug
 15935 | Lair:3   | Reached skill level 15 in Axes
 16524 | Lair:4   | Reached skill level 1 in Evocations
 16749 | Lair:4   | Found a staircase to the Shoals.
 17042 | Lair:4   | Found a shattered altar of Ashenzari.
 17799 | Lair:5   | Noticed Josephine
 17818 | Lair:5   | Killed Josephine
 18185 | Lair:5   | Reached XP level 13. HP: 110/117 MP: 14/14
 18579 | Lair:6   | Entered Level 6 of the Lair of Beasts
 18755 | Lair:6   | Noticed Rupert
 18756 | Lair:6   | Found a viscous altar of Jiyva.
 18756 | Lair:6   | Found a staircase to the Slime Pits.
 18765 | Lair:6   | Killed Rupert
 19341 | Lair:6   | Noticed a fire dragon
 19347 | Lair:6   | Killed a fire dragon
 19486 | Lair:6   | Found a runed translucent door.
 19487 | Lair:6   | Noticed a fire dragon
 19510 | Lair:6   | Killed a fire dragon
 19629 | Lair:6   | Paralysed by a hornet for 1 turns
 19815 | Lair:6   | Paralysed by a hornet for 3 turns
 20316 | D:12     | Found a staircase to the Orcish Mines.
 20525 | D:12     | Noticed Frances
 20539 | D:12     | Killed Frances
 20712 | D:12     | Noticed Azrael
 20732 | D:12     | Received a gift from Trog
 20732 | D:12     | Reached XP level 14. HP: 91/129 MP: 16/16
 20733 | D:12     | Killed Azrael
 20733 | D:12     | Reached skill level 5 in Evocations
 21196 | Orc:1    | Entered Level 1 of the Orcish Mines
 21240 | Orc:1    | Noticed a stone giant
 21377 | Orc:1    | Killed a stone giant
 21436 | Orc:1    | Found Pijerey's Gadget Emporium.
 21443 | Orc:1    | Paralysed by an orc sorcerer for 5 turns
 21743 | Orc:1    | Received a gift from Trog
 21759 | Orc:1    | Noticed an orc warlord
 21777 | Orc:1    | Killed an orc warlord
 22000 | Orc:2    | Entered Level 2 of the Orcish Mines
 22000 | Orc:2    | Found Yvarrue's General Store.
 22009 | Orc:2    | Found a staircase to the Elven Halls.
 22346 | Orc:2    | Found Quraqomasa's Antique Armour Shop.
 22382 | Orc:2    | Found Goagosut's Distillery.
 22514 | Orc:2    | Found Wuzycir's Jewellery Boutique.
 22520 | Orc:2    | Noticed an orc warlord
 22531 | Orc:2    | Killed an orc warlord
 22928 | Orc:2    | Found Qamoagh's Antique Weapon Shoppe.
 24419 | D:14     | Reached XP level 15. HP: 138/138 MP: 18/18
 24610 | D:14     | Found a gate to the Vaults.
 24763 | D:14     | Noticed Louise
 24771 | D:14     | Killed Louise
 25180 | D:14     | Found a sparkling altar of Nemelex Xobeh.
 25302 | D:14     | Received a gift from Trog
 25649 | D:14     | Found Rown's Food Emporium.
 25722 | D:15     | Entered Level 15 of the Dungeon
 25732 | D:15     | Found a basalt altar of Yredelemnul.
 25945 | D:15     | Found a staircase to the Depths.
 26048 | D:15     | Reached ****** piety under Trog
 26374 | D:15     | Received a gift from Trog
 26955 | Spider:1 | Entered Level 1 of the Spider Nest
 27604 | Spider:1 | Reached skill level 15 in Fighting
 28127 | Spider:2 | Reached XP level 16. HP: 147/149 MP: 19/19
 28176 | Spider:2 | Received a gift from Trog
 28219 | Spider:2 | Reached skill level 15 in Armour
 29060 | Spider:3 | Identified Roxanne's Papyrus of Earth
 29060 | Spider:3 | Noticed Roxanne
 29083 | Spider:3 | Killed Roxanne
 29547 | Spider:3 | Received a gift from Trog
 30346 | Spider:4 | Entered Level 4 of the Spider Nest
 30792 | Spider:4 | HP: 3/151 [disintegration (19)]
 31367 | Spider:4 | Found a runed translucent gate.
 31368 | Spider:4 | Found a runed translucent gate.
 31368 | Spider:4 | Found a runed translucent gate.
 31368 | Spider:4 | Noticed Naprua's ghost (journeyman GrMo)
 31539 | Spider:4 | Reached skill level 15 in Dodging
 32137 | Spider:4 | Reached XP level 17. HP: 131/160 MP: 1/20
 32457 | Spider:4 | Reached XP level 18. HP: 169/169 MP: 21/21
 32467 | Spider:4 | Got a gossamer rune of Zot
 32653 | Shoals:1 | Entered Level 1 of the Shoals
 32982 | Shoals:1 | Received a gift from Trog
 34083 | Shoals:2 | Identified 2 scrolls of acquirement
 34085 | Shoals:2 | Got a warped cloak
 34096 | Shoals:2 | Identified the +0 cloak "Takogasudgh" {rElec MR+ Str+2}
                  | (You acquired it on level 2 of the Shoals)
 36423 | Shoals:4 | Entered Level 4 of the Shoals
 36426 | Shoals:4 | Received a gift from Trog
 37305 | Shoals:4 | Reached XP level 19. HP: 170/181 MP: 18/22
 37340 | Shoals:4 | Got a barnacled rune of Zot
 37468 | Shoals:4 | Found a basalt altar of Yredelemnul.
 38164 | Depths:1 | Entered Level 1 of the Depths
 38239 | Vaults:1 | Entered Level 1 of the Vaults
 38243 | Vaults:1 | Received a gift from Trog
 38309 | Vaults:1 | Found the +7 Spriggan's Knife {stab, EV+4 Stlth+}
 38725 | Vaults:1 | Found Jyid's Gadget Emporium.
 39039 | Vaults:1 | Received a gift from Trog
 39949 | Vaults:2 | You are sucked into a shaft for 2 floors!
 40352 | Vaults:4 | Received a gift from Trog
 40362 | Vaults:4 | Reached XP level 20. HP: 193/193 MP: 24/24
 40689 | Vaults:4 | Found Bajybb's Weapon Shop.
 41538 | Vaults:4 | Identified the cursed +0 hand crossbow of Exhibitionism
                  | {elec, SInv Stlth+}
 42841 | Vaults:3 | Noticed Donald
 42896 | Vaults:3 | Killed Donald
 43108 | Vaults:3 | Received a gift from Trog
 43312 | Vaults:3 | HP: 8/195 [tengu reaver/bolt of poison (6)]
 43312 | Vaults:3 | Killed from afar by a battlesphere

Skill      XL: |  1  2  3  4  5  6  7  8  9 10 11 12 13 14 15 16 17 18 19 20 |
---------------+-------------------------------------------------------------+-----
Axes           | 4 5 6 8 9 11 12 14 16 17 18 20 | 20.0
Fighting       | 4 5 6 7 8 9 11 12 13 14 15 16 17 18 19 20 | 20.7
Armour         | 3 4 5 6 8 9 10 11 12 13 14 16 18 19 20 | 20.5
Dodging        | 3 4 5 6 7 8 9 11 12 13 15 17 18 19 | 19.1
Evocations     | 2 4 6 7 9 |  9.0

Action                   |  1- 3 |  4- 6 |  7- 9 | 10-12 | 13-15 | 16-18 | 19-21 || total
-------------------------+-------+-------+-------+-------+-------+-------+-------++-------
Melee: Hand axe          |    83 |   134 |   201 |       |       |       |       ||   418
       Headbutt          |    13 |    31 |    68 |   137 |   314 |   299 |   327 ||  1189
       War axe           |       |       |   184 |    39 |       |       |       ||   223
       Battleaxe         |       |       |       |   515 |  1083 |  1009 |   904 ||  3511
Invok: Berserk           |     1 |     2 |     6 |     6 |     7 |     1 |     1 ||    24
       Brothers in Arms  |       |       |       |     5 |     8 |       |       ||    13
       Trog's Hand       |       |       |       |     1 |    10 |     3 |     3 ||    17
Evoke: Wand              |       |       |       |       |       |     2 |       ||     2
  Use: Scroll            |       |     3 |     9 |    19 |     3 |    10 |     3 ||    47
       Potion            |       |       |       |       |     2 |     4 |     2 ||     8
 Stab: Distracted        |       |       |       |       |     1 |       |       ||     1
       Held in net/web   |       |       |       |       |       |     1 |       ||     1
  Eat: Chunk             |     3 |     9 |    24 |    18 |    39 |    18 |    15 ||   126
       Ration            |       |       |       |     8 |     2 |     4 |     2 ||    16
Armor: Animal skin       |     7 |       |       |       |       |       |       ||     7
       Chain mail        |    14 |    42 |       |       |       |       |       ||    56
       Plate armour      |       |    22 |   174 |   250 |   504 |   615 |   344 ||  1909
Dodge: Dodged            |    44 |    56 |   126 |   307 |   699 |   999 |   707 ||  2938
